 Dungeon Crawl Stone Soup version 0.31-a0-1084-gb392501acf (webtiles) character file.

Game seed: 11704494636686616570

3670 CrazyBamboolord the Trooper (level 9, -2/121 HPs)
             Began as a Yellow Draconian Shapeshifter on Nov 28, 2023.
             Was an Initiate of Gozag.
             Slain by a scorpion (3 damage)
             ... summoned by Amaemon
             ... on level 8 of the Dungeon.
             The game lasted 00:13:30 (7725 turns).

CrazyBamboolord the Trooper (DrSh)                  Turns: 7725, Time: 00:13:31

Health: -2/121     AC:  9    Str: 21    XL:     9   Next: 89%
Magic:  9/9        EV: 14    Int: 11    God:    Gozag
Gold:   639        SH:  0    Dex: 10    Spells: 8/8 levels left

rFire   . .          .
                       - Unarmed
rCold   . . .        (shield currently unavailable)
rNeg    . . .        (body armour unavailable)
rPois   .            (helmet restricted)
rElec   .            l - +1 cloak "Juwi" {*Slow Will+ rCorr Stlth+}
rCorr   +            (no gloves)
SInv    .            (no boots)
Will    ++...        (no amulet) Stlth
                     B - ring of willpower
HPRegen 0.40/turn    (no ring)
MPRegen 0.11/turn

%: slow self (1%)
@: berserking (expiring), lethally poisoned (-2 -> -16), flux-form, gold aura,
slowed, glowing
A: glow, contaminating, spit acid, AC +7, unfitting armour, cold-blooded, acid
resistance
a: Breathe Acid, Begin Untransformation, Renounce Religion, Potion Petition,
Call Merchant, Bribe Branch


You were on level 8 of the Dungeon.
You worshipped Gozag.
Gozag was pleased with you.
You were something dangerously unstable.
You visited 1 branch of the dungeon, and saw 8 of its levels.

You collected 987 gold pieces.
You paid 348 gold pieces to Gozag.

Inventory:

Armour
 l - the +1 cloak "Juwi" (worn) {*Slow Will+ rCorr Stlth+}
   (You found it on level 2 of the Dungeon)

   Will+:     It increases your willpower.
   rCorr:     It protects you from acid and corrosion.
   *Slow:     It may slow you when you take damage.
   Stlth+:    It makes you more stealthy.
Jewellery
 A - a ring of fire
 B - a ring of willpower (left hand)
 C - a ring of ice
 E - a ring of ice
Talismans
 b - a beast talisman
 c - a flux talisman (active)
Wands
 m - a wand of mindburst (19)
 p - a wand of paralysis (7)
 s - a wand of flame (64)
Scrolls
 d - 2 scrolls of revelation
 h - 4 scrolls of amnesia
 i - 2 scrolls of vulnerability
 k - a scroll of torment {unknown}
 o - 2 scrolls of butterflies
 u - a scroll of acquirement {unknown}
 v - a scroll of fear
 w - a scroll of enchant armour {unknown}
 y - a scroll of noise {unknown}
 z - a scroll of poison
Potions
 a - a potion of lignification
 f - 2 potions of brilliance
 g - a potion of ambrosia {unknown}
 j - 3 potions of enlightenment
 n - a potion of magic
 q - 2 potions of haste
 r - a potion of heal wounds {unknown}
 t - a potion of invisibility {unknown}
 x - a potion of mutation {unknown}


   Skills:
 * Level 7.8 Fighting
 * Level 6.7 Dodging
 * Level 0.3 Stealth
 * Level 7.8 Unarmed Combat
 + Level 7.1 Shapeshifting


You had 8 spell levels left.
You didn't know any spells.
Your spell library contained the following spells:

 Spells                   Type           Power      Damage    Failure   Level
 Apportation              Tloc           0%         N/A       34%         1
 Kiss of Death            Conj/Necr      0%         2d5       34%         1
 Jinxbite                 Hex            0%         N/A       47%         2
 Scorch                   Fire           0%         2d5       47%         2
 Call Canine Familiar     Summ           0%         N/A       71%         3
 Confusing Touch          Hex            0%         N/A       71%         3
 Sigil of Binding         Hex            0%         N/A       71%         3
 Tukima's Dance           Hex            0%         N/A       71%         3
 Dimensional Bullseye     Hex/Tloc       0%         N/A       98%         4
 Dispel Undead            Necr           0%         3d6       98%         4
 Flame Wave               Conj/Fire      0%         2d4       98%         4
 Iskenderun's Mystic Bla  Conj/Tloc      0%         2d3       98%         4
 Leda's Liquefaction      Hex/Erth       0%         N/A       98%         4
 Alistair's Intoxication  Tmut/Pois      0%         N/A       100%        5
 Summon Cactus Giant      Summ           0%         N/A       100%        6


Dungeon Overview and Level Annotations

Branches:
Dungeon (8/15)             Temple (0/1) D:6
   Lair: D:8-11

Altars:
Elyvilon
Gozag
Makhleb
Nemelex Xobeh
Qazlal
Ru
Sif Muna
The Shining One

Annotations:
D:8 Amaemon


Innate Abilities, Weirdness & Mutations

You are something dangerously unstable.
You glow with magical radiation, making you easy to see and hit.
Foes you strike become dangerously contaminated with magical radiation.
You are incapable of wielding weapons or throwing items.
You can spit globs of acid.
Your golden yellow scales are hard. (AC +7)
You cannot fit into any form of body armour.
You are cold-blooded and may be slowed by cold attacks.
You are resistant to acid. (rCorr)


Message History

Amaemon shudders as magic cascades through him!
Amaemon twists and deforms.
You tail-slap Amaemon!
Amaemon is heavily wounded.
You feel sick.
The scorpion stops glowing.
Amaemon hits you with a +0 demon whip of venom.
* * * LOW HITPOINT WARNING * * *
You are more poisoned.
Amaemon claws you.
* * * LOW HITPOINT WARNING * * *
Amaemon tail-slaps you but does no damage.
The orange demon barely misses you. The scorpion closely misses you.
The scorpion stings you but does no damage.
You closely miss Amaemon.
Amaemon is heavily wounded.
* * * LOW HITPOINT WARNING * * *
You feel very sick. The scorpion closely misses you. x2
The scorpion is distracted by your dazzling golden aura.
The scorpion stings you.
* * * LOW HITPOINT WARNING * * *
You feel yourself slow down.
You punch Amaemon!
Amaemon begins to glow.
Amaemon is heavily wounded.
* * * LOW HITPOINT WARNING * * *
You feel very sick.
The scorpion no longer looks unusually toxic.
The scorpion disappears in a puff of smoke!
The scorpion stings you but does no damage.
The scorpion barely misses you. Amaemon barely misses you.
Amaemon closely misses you. x2; The scorpion barely misses you.
The orange demon stings you from afar!
* * * LOW HITPOINT WARNING * * *
The scorpion closely misses you.
You closely miss Amaemon. You tail-slap Amaemon!
Amaemon is severely wounded.
* * * LOW HITPOINT WARNING * * *
You feel very sick. The scorpion barely misses you. The scorpion stings you.
You die...
Your body crumbles into a pile of gold.

.# #.#
#######.######
#............
#...[......#
#.....4....#
#....s6ss..#
#....$p§s..#
#.....ss...#
#..........#
############


You could see Amaemon (contam, misshapen), an orange demon and 6 scorpions.

Vanquished Creatures
  Grinder (D:3)
  Sigmund (D:3)
  Eustachio (D:4)
  3 vampire mosquitoes (D:6)
  A water moccasin (D:7)
  Duvessa (D:4)
  Pargi (D:3)
  2 orc warriors
  2 ice beasts
  A black bear (D:5)
  A centaur (D:8)
  4 ogres
  A phantom (D:4)
  A bullfrog (D:7)
  A scorpion (D:7)
  3 wights (D:6)
  Dowan (D:4)
  3 jellies
  3 orc priests (D:4)
  2 gnoll boudas
  2 hounds
  An iguana (D:7)
  4 sleepcaps
  Ijyb (D:3)
  Natasha (thrice) (D:3)
  9 orc wizards
  Robin (D:2)
  11 gnolls
  15 adders
  A white imp (D:5)
  2 ufetubi (D:6)
  2 worms (D:2)
  4 dart slugs
  34 orcs
  7 endoplasms
  2 giant cockroaches
  13 goblins
  10 hobgoblins
  16 jackals
  5 quokkas
  5 ball pythons
  8 bats
  2 frilled lizards
  4 kobolds
  4 rats
200 creatures vanquished.

Notes
Turn   | Place    | Note
-------+----------+-------------------------------------------
     0 | D:1      | CrazyBamboolord the Draconian Shapeshifter began the quest
                  | for the Orb.
     0 | D:1      | Reached XP level 1. HP: 16/16 MP: 1/1
   193 | D:1      | Reached XP level 2. HP: 23/23 MP: 2/2
   813 | D:2      | Reached XP level 3. HP: 25/29 MP: 3/3
   923 | D:2      | Noticed Robin
   948 | D:2      | Killed Robin
   969 | D:2      | Reached XP level 4. HP: 21/36 MP: 4/4
  1269 | D:2      | Identified the +1 cloak "Juwi" {*Slow Will+ rCorr Stlth+}
  1917 | D:3      | Noticed Sigmund
  1934 | D:3      | Killed Sigmund
  1935 | D:3      | Reached XP level 5. HP: 45/45 MP: 5/5
  2024 | D:3      | Found a sacrificial altar of Ru.
  2024 | D:3      | Noticed Natasha
  2032 | D:3      | Killed Natasha
  2033 | D:3      | Reached XP level 6. HP: 41/51 MP: 6/6
  2065 | D:3      | Noticed Grinder
  2071 | D:3      | Paralysed by Grinder for 2 turns
  2083 | D:3      | Killed Grinder
  2097 | D:3      | Noticed Natasha
  2115 | D:3      | Killed Natasha
  2116 | D:3      | Your scales start taking on a golden yellow colour.
  2116 | D:3      | Reached XP level 7. HP: 35/59 MP: 7/7
  2116 | D:3      | Gained mutation: You are resistant to acid. (rCorr) [Yellow
                  | Draconian growth]
  2185 | D:3      | Noticed Pargi
  2188 | D:3      | Noticed Ijyb
  2196 | D:3      | Killed Pargi
  2200 | D:3      | Paralysed by Ijyb for 4 turns
  2210 | D:3      | Killed Ijyb
  2438 | D:3      | Noticed Natasha
  2444 | D:3      | Killed Natasha
  2445 | D:3      | Reached skill level 5 in Unarmed Combat
  2779 | D:3      | Found a shimmering blue altar of Sif Muna.
  3072 | D:4      | Noticed Eustachio
  3095 | D:4      | Killed Eustachio
  3096 | D:4      | Reached skill level 5 in Shapeshifting
  3141 | D:4      | Noticed Duvessa
  3142 | D:4      | Noticed Dowan
  3159 | D:4      | Killed Duvessa
  3160 | D:4      | Reached skill level 5 in Fighting
  3260 | D:4      | Killed Dowan
  3261 | D:4      | Reached XP level 8. HP: 47/68 MP: 8/8
  3349 | D:4      | Found an opulent altar of Gozag.
  3366 | D:4      | Found a burning altar of Makhleb.
  3432 | D:4      | Became a worshipper of Gozag Ym Sagoz the Greedy
  3708 | D:4      | Found a white marble altar of Elyvilon.
  4060 | D:4      | Reached skill level 5 in Dodging
  4639 | D:5      | Entered Level 5 of the Dungeon
  5280 | D:5      | Reached XP level 9. HP: 31/78 MP: 9/9
  5568 | D:5      | Identified the +1 mace of the Lusting Gods {vamp, Will+
                  | Str+3 Int+2}
  5873 | D:6      | Found a stormy altar of Qazlal.
  6199 | D:6      | Identified the +10 whip of the Exceptional God {spect, MP-9
                  | Int+6}
  6903 | D:6      | Found a staircase to the Ecumenical Temple.
  6988 | D:6      | Found a glowing golden altar of the Shining One.
  7169 | D:7      | Found a sparkling altar of Nemelex Xobeh.
  7706 | D:8      | Noticed Amaemon
  7706 | D:8      | Noticed an orange demon
  7724 | D:8      | HP: 5/121 [orange demon[Amaemon] (11)]
  7725 | D:8      | HP: 1/121 [poisoned by Amaemon]
  7725 | D:8      | Slain by a scorpion

Illustrated notes

Levels and vault maps discovered:
D:1:      dpeg_arrival_rooms_b, layout_loops_ring, serial_glass,
          glass_columns_a, glass_columns_a, minivault_23
D:2:      layout_basic, st_stairs_2, chequers_hall_statues_y,
          guppyfry_early_orc_mine, uniq_robin
D:3:      layout_basic, kennysheep_orc_sif_temple, nicolae_ru_awakened_eye,
          minmay_misc_feat_cross, uniq_sigmund, uniq_pargi, uniq_natasha,
          uniq_grinder, uniq_ijyb
D:4:      layout_loops_cross, old_standard_altar,
          mainiacjoe_overflow_tiny_flanked,
          mainiacjoe_overflow_concentric_impassable, nicolae_nh_ransacked_shop,
          uniq_duvessa, uniq_eustachio
D:5:      layout_loops_ring, grunt_decor_one_mirror
D:6:      layout_basic, kennysheep_little_box, mainiacjoe_overflow_24_doors,
          temple_hall
D:7:      layout_basic, lemuel_round_altar, nicolae_water_bricks,
          minmay_misc_feat_square
D:8:      layout_basic, mainiacjoe_overflow_chevrons,
          lemuel_coloured_pillars_altar, uniq_amaemon

Skill      XL: |  1  2  3  4  5  6  7  8  9 |
---------------+----------------------------+-----
Dodging        | 2 3 4 5 6 |  6.7
Fighting       | 2 3 4 5 6 7 |  7.8
Unarmed Combat | 4 5 6 7 |  7.8
Shapeshifting  | 4 5 6 7 |  7.1
Stealth        | |  0.3

Action                     |  1- 3 |  4- 6 |  7- 9 || total
---------------------------+-------+-------+-------++-------
  Melee: Unarmed           |    92 |   111 |   356 ||   559
         Tailslap          |     8 |    15 |    43 ||    66
         Punch             |     1 |       |    17 ||    18
 Invoke: Potion Petition   |       |       |     1 ||     1
Ability: Begin Untransform |     1 |       |       ||     1
         Breathe Acid      |       |       |    40 ||    40
    Use: Scroll            |     4 |     2 |    10 ||    16
         Potion            |       |     1 |     6 ||     7
   Stab: Distracted        |       |       |     1 ||     1
 Armour: Skin              |    48 |    50 |   261 ||   359
  Dodge: Dodged            |    47 |    59 |   230 ||   336
   Form: Beast             |     1 |       |       ||     1
         Flux              |       |       |     1 ||     1

Table legend: (Time is in decaauts)
 A = Elapsed time spent in this place.
 B = Non-inter-level travel time spent in this place.
 C = Inter-level travel time spent in this place.
 D = Time resting spent in this place.
 E = Time spent auto-exploring this place.
 F = Levels seen in this place.
 G = Mean time per level.
                   A        B        C        D        E       F      G
               +--------+--------+--------+--------+--------+-----+--------+
         Total |   7690 |   7326 |    364 |   1041 |   4887 |   8 |  961.2 |
       Dungeon |   7690 |   7326 |    364 |   1041 |   4887 |   8 |  961.2 |
               +--------+--------+--------+--------+--------+-----+--------+

Top non-repeatable levels by time:
     D:4: 1462 daAuts
     D:3: 1285 daAuts
     D:6: 1213 daAuts
     D:5: 1203 daAuts
     D:2: 1099 daAuts
     D:1: 791 daAuts
     D:7: 499 daAuts
     D:8: 135 daAuts
